 Dungeon Crawl Stone Soup version 0.30-a0-719-gcc4359ea44 (webtiles) character file.

Game seed: 11340646082998871395

51 M4edhros the Insei (level 3, -1/21 (24) HPs)
             Began as an Octopode Transmuter on Jan 26, 2023.
             Slain by a wight
             ... wielding a +3 battleaxe
              (4 damage)
             ... on level 4 of the Dungeon.
             The game lasted 00:00:43 (677 turns).

M4edhros the Insei (Octopode Transmuter)             Turns: 677, Time: 00:00:43

HP:   -1/21 (24)    AC:  1    Str:  9    XL:     3   Next: 81%
MP:   6/6           EV: 13    Int: 15    God:
Gold: 46            SH:  0    Dex: 14    Spells: 5/6 levels left

rFire   . . .      SeeInvis .      - Unarmed
rCold   . . .      Faith    .    (no shield)
rNeg    . . .      Spirit   .    (helmet restricted)
rPois   .          Reflect  .    (no amulet)
rElec   .          Harm     .    (no ring)
rCorr   .          Rampage  .    (no ring)
Will    .....                    (no ring)
Stlth   ++                       (no ring)
HPRegen 0.23/turn                (no ring)
MPRegen 0.10/turn                (no ring)
                                 (no ring)
                                 (no ring)

@: heavily drained
A: almost no armour, amphibious, 8 rings, camouflage 1, gelatinous body 1,
(nimble swimmer 1), tentacles
a: no special abilities


You were on level 4 of the Dungeon.
You visited 1 branch of the dungeon, and saw 4 of its levels.

You collected 46 gold pieces.

Inventory:

Scrolls
 c - a scroll of fear {unknown}
 e - a scroll of vulnerability {unknown}
 f - a scroll of identify {unknown}
Potions
 a - a potion of lignification
 b - 2 potions of heal wounds {unknown}
 d - a potion of might {unknown}
 g - a potion of attraction {unknown}


   Skills:
 + Level 1.8 Fighting
 + Level 2.5 Dodging
 * Level 3.9 Unarmed Combat
 - Level 2.0 Spellcasting
 - Level 2.0 Transmutations


You had 5 spell levels left.
You knew the following spells:

 Your Spells              Type           Power      Damage    Failure   Level
a - Beastly Appendage     Tmut           14%        N/A       10%         1

Your spell library contained the following spells:

 Spells                   Type           Power      Damage    Failure   Level
 Wereblood                Tmut           7%         N/A       14%         2
 Spider Form              Tmut/Pois      4%         N/A       41%         3
 Ice Form                 Ice/Tmut       4%         N/A       82%         4


Dungeon Overview and Level Annotations

Branches:
Dungeon (4/15)
 Temple: D:4-7

Altars:


Innate Abilities, Weirdness & Mutations

You cannot wear most types of armour.
You are amphibious.
You can wear up to eight rings at the same time.
Your skin changes colour to match your surroundings (Stealth+).
Your rubbery body absorbs attacks. (AC +1, EV +1)
((You are camouflaged when in or above water. (Stealth+)))
You have tentacles for arms and can constrict up to eight enemies at once.


Message History

The goblin shouts!
You tentacle-slap the goblin. You grab the goblin.
The goblin is severely wounded.
You constrict the goblin.
You kill the goblin!
No target in view!
No target in view!
No target in view!
An orc comes into view. It is wielding a +0 hand axe.
You see here a bubbling clear potion.
An orc is nearby!
An orc is nearby!
A wight comes into view. It is wielding a +3 battleaxe.
You tentacle-slap the orc. You grab the orc.
The orc is severely wounded.
You constrict the orc.
You kill the orc!
You see here a +0 hand axe.
You tentacle-slap the wight but do no damage.
You grab the wight.
You constrict the wight, but do no damage.
A wight comes into view. It is wielding a +0 trident.
The wight closely misses you.
You completely miss the wight.
You squeeze the wight, but do no damage.
You constrict the wight, but do no damage.
The wight hits you with a +3 battleaxe.
You feel drained.
A wight comes into view. It is wielding a +3 dagger.
The wight barely misses you.
There are monsters nearby!
There are monsters nearby!
You tentacle-slap the wight.
The wight is lightly damaged.
You constrict the wight, but do no damage.
A wight comes into view. It is wielding a +0 trident.
The wight closely misses you. The wight hits you with a +3 battleaxe!
Ouch! That really hurt!
* * * LOW HITPOINT WARNING * * *
You feel drained.
You die...

###### #....# ######.##.###
#.......#...# #####
#.##....#.#.#
#...!.#######.##....###.###
.......!...............>...
..###.....@z..###.≈.###.###
########z≈≈#..≈.#..<...
........)~≈.#~≈≈.#.##.
#######.##z≈.#..≈~.. ##.
.z##.≈≈#... . #..≈≈≈.#...#
.# ≈≈≈##.##.## .# #### .#
≈. ##


You could see 4 wights.

Vanquished Creatures
  An adder (D:3)
  A gnoll (D:1)
  A dart slug (D:1)
  An orc (D:4)
  4 endoplasms
  4 goblins
  A hobgoblin (D:1)
  2 jackals (D:1)
  4 kobolds
  5 bats
  A frilled lizard (D:2)
  3 rats
28 creatures vanquished.

Notes
Turn   | Place    | Note
-------+----------+-------------------------------------------
     0 | D:1      | M4edhros the Octopode Transmuter began the quest for the
                  | Orb.
     0 | D:1      | Reached XP level 1. HP: 13/13 MP: 3/3
    27 | D:1      | Reached XP level 2. HP: 8/18 MP: 5/5
   359 | D:1      | Reached XP level 3. HP: 18/23 MP: 6/6
   672 | D:4      | Noticed a wight
   675 | D:4      | Noticed a wight
   676 | D:4      | Noticed a wight
   677 | D:4      | Noticed a wight
   677 | D:4      | Slain by a wight

Illustrated notes

Levels and vault maps discovered:
D:1:      dpeg_arrival_rooms_b, layout_loops_ring
D:2:      layout_loops_ring, minivault_24, minmay_puff, uniq_crazy_yiuf_cottage
D:3:      layout_rooms
D:4:      layout_basic, xom_butterflies, serial_shops,
          nicolae_shop_bloodbath_and_beyond, serial_rivers,
          chequers_serial_rivers_small_b, chequers_serial_rivers_room_a,
          chequers_serial_rivers_micro_a, chequers_serial_rivers_large_a,
          chequers_serial_rivers_marsh, chequers_garden, uniq_blork_the_orc

Action                     || total
---------------------------++-------
  Melee: Unarmed           ||    60
         Tentacles         ||    14
         Constrict         ||    18
   Stab: Sleeping          ||     2
 Armour: Skin              ||     6
  Dodge: Dodged            ||    35

Table legend: (Time is in decaauts)
 A = Elapsed time spent in this place.
 B = Non-inter-level travel time spent in this place.
 C = Inter-level travel time spent in this place.
 D = Time resting spent in this place.
 E = Time spent auto-exploring this place.
 F = Levels seen in this place.
 G = Mean time per level.
                   A        B        C        D        E       F      G
               +--------+--------+--------+--------+--------+-----+--------+
         Total |    672 |    669 |      3 |      0 |    502 |   4 |  168.0 |
       Dungeon |    672 |    669 |      3 |      0 |    502 |   4 |  168.0 |
               +--------+--------+--------+--------+--------+-----+--------+

Top non-repeatable levels by time:
     D:1: 363 daAuts
     D:2: 185 daAuts
     D:3: 85 daAuts
     D:4: 37 daAuts
